 Dungeon Crawl Stone Soup version 0.26.1-11-gd32895ea62 (webtiles) character file.

Game seed: 18011642212244979126

188782 Tirrikindir the Fencer (level 18, -13/124 HPs)
             Began as an Octopode Fighter on June 22, 2021.
             Was an Initiate of Gozag.
             Shot with a bolt by a naga sharpshooter (23 damage)
             ... on level 1 of the Snake Pit on June 23, 2021.
             The game lasted 01:56:27 (30785 turns).

Tirrikindir the Fencer (Octopode Fighter)          Turns: 30785, Time: 01:56:30

Health: -13/124    AC: 13    Str: 29    XL:     18   Next: 55%
Magic:  49/51      EV: 22    Int: 20    God:    Gozag
Gold:   1689       SH: 16    Dex: 24    Spells: 27/40 levels left

rFire    + . .     SeeInvis +   C - +5 scimitar (drain)
rCold    + + +     Faith    .   b - +1 kite shield
rNeg     . . .     Spirit   .   K - +2 hat {Will+}
rPois    +         Reflect  .   E - amulet "Kaohue Gogh" {Will+ Regen+ Int+4 Dex+4}
rElec    +         Harm     .   S - ring of the Thistle {Will+ MP+9}
rCorr    .         Rampage  .   T - ring of the Cast Vote {Wiz rC+}
Will     ++++.     Clarity  +   U - ring of see invisible
Stlth    ++++++....             u - ring of Jadite {rPois rF+ rC++ Str+6 Dex+2}
HPRegen  0.70/turn              P - ring "Cyott" {rElec rPois MP+9 Str+3}
MPRegen  0.32/turn              a - ring of Okawaru's Supremacy {AC+4 Int+3}
                                J - +4 ring of protection
                                m - +6 ring of dexterity

@: lethally poisoned (-13 -> -13), about to teleport, gold aura, constricted
A: almost no armour, stealthy swim, amphibious, 8 rings, constrict 8, tentacle
spike 1, yellow scales 1, camouflage 1, clarity, gelatinous body 1, subdued
magic 1
a: Renounce Religion, Potion Petition, Call Merchant, Bribe Branch


You were on level 1 of the Snake Pit.
You worshipped Gozag.
Gozag was most pleased with you.
You visited 6 branches of the dungeon, and saw 28 of its levels.
You also visited: Ice Cave and Volcano.

You collected 12125 gold pieces.
You spent 6485 gold pieces at shops.
You paid 3951 gold pieces to Gozag.

Inventory:

Hand Weapons
 g - a +0 long sword of flaming
 C - a +5 scimitar of draining (weapon)
Armour
 b - a +1 kite shield (worn)
 K - a +2 hat of willpower (worn)
Jewellery
 a - the ring of Okawaru's Supremacy (on tentacle) {AC+4 Int+3}
   (You bought it in a shop on level 10 of the Dungeon)

   [ring of protection]

   It affects your AC (+4).
   It affects your intelligence (+3).
 f - an uncursed ring of protection from fire
 h - an uncursed ring of resist corrosion
 m - a +6 ring of dexterity (on tentacle)
 u - the ring of Jadite (on tentacle) {rPois rF+ rC++ Str+6 Dex+2}
   (You bought it in a shop on level 15 of the Dungeon)

   [ring of strength]

   It affects your strength (+6).
   It affects your dexterity (+2).
   It protects you from fire.
   It greatly protects you from cold.
   It protects you from poison.
 E - the amulet "Kaohue Gogh" (around mantle) {Will+ Regen+ Int+4 Dex+4}
   (You bought it in a shop on level 7 of the Dungeon)

   [amulet of regeneration]

   It affects your intelligence (+4).
   It affects your dexterity (+4).
   It affects your willpower, your defense against some magical effects.
   It increases your rate of regeneration.
 J - a +4 ring of protection (on tentacle)
 P - the ring "Cyott" (on tentacle) {rElec rPois MP+9 Str+3}
   (You bought it in a shop on level 7 of the Dungeon)

   [ring of poison resistance]

   It affects your strength (+3).
   It insulates you from electricity.
   It protects you from poison.
   It affects your magic capacity (+9).
 S - the ring of the Thistle (left tentacle) {Will+ MP+9}
   (You bought it in a shop on level 7 of the Dungeon)

   [ring of magical power]

   It affects your willpower, your defense against some magical effects.
   It affects your magic capacity (+9).
 T - the ring of the Cast Vote (right tentacle) {Wiz rC+}
   (You bought it in a shop on level 7 of the Dungeon)

   [ring of wizardry]

   It improves your spell success rate.
   It protects you from cold.
 U - a ring of see invisible (on tentacle)
Wands
 c - a wand of acid (5)
 y - a wand of disintegration (10)
 I - a wand of paralysis (20)
 Q - a wand of enslavement (20)
 R - a wand of iceblast (21)
 W - a wand of digging (2)
Scrolls
 l - 9 scrolls of teleportation
 q - 2 scrolls of summoning
 s - 10 scrolls of remove curse
 A - 5 scrolls of fog
 B - 4 scrolls of identify
 D - a scroll of fear
 Y - a scroll of magic mapping
Potions
 d - 3 potions of berserk rage
 e - 5 potions of heal wounds
 j - 2 potions of brilliance
 n - 10 potions of might
 o - 4 potions of haste
 p - a potion of resistance
 t - a potion of magic
 w - 2 potions of ambrosia
 x - 8 potions of curing
 z - 6 potions of flight
 O - a potion of cancellation
Miscellaneous
 H - a box of beasts


   Skills:
 + Level 11.0 Fighting
 + Level 15.6 Long Blades
 + Level 12.7 Dodging
 - Level 10.0 Stealth
 + Level 12.7 Shields
 + Level 11.6 Spellcasting
 + Level 7.7 Conjurations
 - Level 3.0 Summonings
 + Level 7.8 Air Magic
 + Level 8.5 Poison Magic
 + Level 9.6 Evocations


You had 27 spell levels left.
You knew the following spells:

 Your Spells              Type           Power        Failure   Level
a - Mephitic Cloud        Conj/Pois/Air  33%          1%          3
b - Magic Dart            Conj           100%         1%          1
c - Summon Lightning Spi  Summ/Air       25%          2%          4
d - Lightning Bolt        Conj/Air       16%          2%          5

Your spell library contained the following spells:

 Spells                   Type           Power        Failure   Level
 Summon Small Mammal      Summ           72%          1%          1
 Call Imp                 Summ           18%          1%          2
 Conjure Flame            Conj/Fire      20%          1%          3
 Dazzling Flash           Conj/Hex       40%          1%          3
 Spider Form              Tmut/Pois      11%          1%          3
 Static Discharge         Conj/Air       33%          1%          3
 Beastly Appendage        Tmut           16%          2%          1
 Corona                   Hex            8%           2%          1
 Call Canine Familiar     Summ           18%          2%          3
 Iskenderun's Battlesphe  Conj           32%          2%          5
 Blink                    Tloc           N/A          4%          2
 Ensorcelled Hibernation  Hex/Ice        16%          4%          2
 Slow                     Hex            8%           4%          2
 Wereblood                Tmut           8%           4%          2
 Summon Guardian Golem    Hex/Summ       13%          4%          3
 Confusing Touch          Hex            8%           9%          3
 Tukima's Dance           Hex            8%           9%          3
 Summon Ice Beast         Ice/Summ       13%          14%         4
 Silence                  Hex/Air        10%          14%         5
 Irradiate                Conj/Tmut      10%          16%         5
 Cause Fear               Hex            4%           26%         4
 Ice Form                 Ice/Tmut       8%           26%         4
 Bolt of Magma            Conj/Fire/Erth 8%           26%         5
 Blade Hands              Tmut           4%           58%         5
 Yara's Violent Unravell  Hex/Tmut       4%           58%         5
 Iron Shot                Conj/Erth      10%          63%         6
 Orb of Destruction       Conj           16%          65%         7
 Spellforged Servitor     Conj/Summ      12%          92%         7
 Hydra Form               Tmut           4%           98%         6
 Statue Form              Tmut/Erth      5%           98%         6
 Dragon Form              Tmut           4%           100%        7
 Discord                  Hex            4%           100%        8
 Ignition                 Fire           4%           100%        8
 Shatter                  Erth           4%           100%        9
 Tornado                  Air            16%          100%        9


Dungeon Overview and Level Annotations

Branches:
Dungeon (15/15)            Temple (1/1) D:7            Lair (6/6) D:10
  Swamp (3/4) Lair:4        Snake (1/4) Lair:4        Slime (0/5) Lair:6
    Orc (2/2) D:10            Elf (0/3) Orc:2        Vaults (0/5) D:13
 Depths (0/5) D:15          IceCv (visited)         Volcano (visited)

Altars:
Ashenzari
Cheibriados
Dithmenos
Elyvilon
Fedhas
Gozag
Hepliaklqana
Kikubaaqudgha
Makhleb
Nemelex Xobeh
Okawaru
Qazlal
Ru
Sif Muna
Trog
Uskayaw
Vehumet
Wu Jian
Xom
Yredelemnul
Zin
The Shining One
Beogh

Shops:
D:7 =   D:10 =:*=   D:15 =   Orc:2 :*[(

Portals:
Hell: Lair:6


Innate Abilities, Weirdness & Mutations

You cannot wear most types of armour.
You are very stealthy in the water. (Stealth+)
You are amphibious.
You can wear up to eight rings at the same time.
You can use your tentacles to constrict eight enemies at once.
Your skin changes colour to match your surroundings (Stealth+).
Your rubbery body absorbs attacks. (AC +1, EV +1)
One of your tentacles bears a spike.
You are partially covered in yellow scales. (AC +2)
You possess an exceptional clarity of mind.
Your spells are a little easier to cast, but a little less powerful.


Message History

The guardian serpent misses you.
You slice the guardian serpent!!
You kill the guardian serpent!
You feel sick. The naga hits you with a +0 broad axe!
* * * LOW HITPOINT WARNING * * *
x2 The naga constricts you.
As you read the scroll of teleportation, it crumbles to dust.
You feel strangely unstable.
You feel sick.
The naga sharpshooter is no longer distracted by gold.
The salamander is no longer distracted by gold.
The naga sharpshooter spits poison at you.
You block the splash of poison.
The naga warrior hits you with a +0 dire flail!
* * * LOW HITPOINT WARNING * * *
You block the naga's attack.
The naga sharpshooter casts a spell.
The naga sharpshooter magically shoots a bolt.
The bolt hits you!!
You die...
Your body crumbles into a pile of gold.

#. ###............#...
#.. ......#.......'...
$ ##..
#....#.......#...
....###.S..#.......#...
#.........#.......#...
#.................#...
#.................#...
#.###NN####.......#...
#@N# #.......#... #$N#
#......##... NN?#
###....##... .....
....##... ..#..##
....##... ..N#...
...##... ....#... #...
.... #.... ....


You could see a naga warrior, 2 naga sharpshooters, a salamander, a mana viper
and 3 nagas.

Vanquished Creatures
  Kirke (D:13)
  A fire giant (D:15)
  An orc warlord (Orc:2)
  An ironheart preserver (D:13)
  7 bunyips
  An ettin (Orc:2)
  2 eleionomae
  Harold (Lair:2)
  Fannar (Lair:1)
  4 catoblepae
  3 ghost crabs
  17 hydras
  2 naga warriors (Snake:1)
  2 boulder beetles
  2 centaur warriors
  An anaconda (Snake:1)
  10 death yaks
  2 death knights (D:14)
  11 alligators
  The ghost of growler the Zephyrmancer, a journeyman TeAE of Vehumet (D:10)
  11 two-headed ogres
  4 orc high priests (Orc:2)
  3 tengu warriors
  A shock serpent (Snake:1)
  A sun demon (Lair:6)
  5 spriggans
  5 skeletal warriors (D:15)
  3 unseen horrors
  2 goliath frogs
  5 swamp dragons
  The ghost of vvl the Chiller, a novice HuIE of Kikubaaqudgha (D:6)
  A wizard (Lair:6)
  2 spriggan druids
  2 bog bodies
  A naga ritualist (Snake:1)
  A phantasmal warrior (D:14)
  4 orc knights
  4 deep elf magi
  A wolf spider zombie (D:10)
  2 manticores
  25 ugly things
  4 orc sorcerers (Orc:2)
  3 salamanders (Volcano)
  3 cyclopes
  5 oklob plants
  2 will-o-the-wisps
  12 elephants
  2 guardian serpents (Snake:1)
  A moth of wrath (D:2)
  5 black mambas
  2 ice statues (IceCv)
  3 orange demons (Lair:6)
  3 gargoyles
  A centaur skeleton (D:15)
  11 ice devils
  13 cane toads
  A kobold demonologist (D:14)
  13 komodo dragons
  9 rime drakes
  A freezing wraith (D:14)
  2 tengu conjurers (D:13)
  3 meliai (D:14)
  A hellwing (Lair:6)
  8 trolls
  A bloated husk (Swamp:3)
  6 hornets
  14 blink frogs
  8 polar bears
  3 tyrant leeches
  Prince Ribbit (Lair:2)
  11 dream sheep (Lair:6)
  Sigmund (D:5)
  2 vampires
  13 wyverns
  5 wraiths
  2 shadows (D:13)
  A human (D:13)
  A fire bat (Volcano)
  14 basilisks
  53 yaks
  3 hogs (D:13)
  13 vampire mosquitoes
  6 nagas
  A warg (Orc:2)
  11 swamp worms
  A soldier ant (D:12)
  An acid dragon (D:11)
  6 hell hounds
  18 water moccasins
  3 swamp drakes (Swamp:3)
  7 ice beasts
  5 sky beasts
  5 black bears (D:10)
  20 ogres
  47 orc warriors
  2 necrophages
  3 phantoms
  An eye of draining (D:13)
  15 centaurs
  19 wolves
  A big kobold (D:11)
  A gnoll sergeant (D:8)
  15 bullfrogs
  A wyvern skeleton (D:14)
  6 scorpions
  12 killer bees
  9 wights
  3 electric eels
  A howler monkey (D:12)
  2 bullfrog zombies
  5 centaur zombies
  Crazy Yiuf (D:7)
  22 orc wizards
  A gnoll shaman (D:8)
  2 bullfrog skeletons
  30 orc priests
  13 hounds
  6 jellies
  Terence (D:2)
  3 iguanas
  Natasha (thrice) (D:3)
  7 hell rats (Lair:4)
  A killer bee zombie (D:6)
  13 worker ants
  4 hound skeletons
  A killer bee simulacrum (D:6)
  A howler monkey skeleton (D:10)
  2 worker ant zombies
  12 adders
  13 gnolls
  4 shadow imps
  21 white imps
  15 ufetubi
  4 oozes
  2 adder zombies
  3 adder skeletons
  4 worms
  2 dart slugs (D:1)
  3 leopard geckos
  116 orcs
  5 bats
  9 giant cockroaches
  2 gnoll zombies (D:8)
  6 goblins
  7 hobgoblins
  14 kobolds
  2 quokkas (D:7)
  2 ball pythons
  6 frilled lizards
  A giant cockroach zombie (D:3)
  A jackal skeleton (D:3)
  A jackal zombie (D:3)
  2 leopard gecko skeletons
  A leopard gecko zombie (D:3)
  A quokka skeleton (D:6)
  7 rats
  A spectral leopard gecko (D:6)
  2 bushes (Lair:3)
1022 creatures vanquished.

Vanquished Creatures (collateral kills)
  An alligator (Swamp:2)
  A tyrant leech (Swamp:2)
  A yak (Lair:4)
  A fire bat (Volcano)
4 creatures vanquished.

Vanquished Creatures (others)
  A reaper (IceCv)
  A hydra (Swamp:3)
  2 humans (D:13)
  A swamp worm (Swamp:3)
  A white imp (IceCv)
  2 ufetubi (IceCv)
  An orc (D:13)
  16 foxfires
  48 fungi
  120 plants
  2 withered plants (D:3)
195 creatures vanquished.

Grand Total: 1221 creatures vanquished

Notes
Turn   | Place    | Note
-------+----------+-------------------------------------------
     0 | D:1      | Tirrikindir the Octopode Fighter began the quest for the
                  | Orb.
     0 | D:1      | Reached XP level 1. HP: 16/16 MP: 1/1
   145 | D:1      | Reached XP level 2. HP: 10/21 MP: 2/2
   364 | D:1      | Reached skill level 1 in Stealth
  1179 | D:1      | Reached XP level 3. HP: 20/26 MP: 3/3
  1451 | D:2      | Noticed an ogre
  1458 | D:2      | Killed an ogre
  1459 | D:2      | Reached skill level 3 in Long Blades
  1459 | D:2      | Reached XP level 4. HP: 30/31 MP: 4/4
  1459 | D:2      | Reached XP level 5. HP: 35/36 MP: 5/5
  1884 | D:2      | Noticed a moth of wrath
  1887 | D:2      | Found a bloodstained altar of Trog.
  2114 | D:2      | Noticed Terence
  2123 | D:2      | Killed Terence
  2345 | D:3      | Reached XP level 6. HP: 36/43 MP: 6/6
  2497 | D:3      | Gained mutation: One of your tentacles bears a spike.
                  | [potion of mutation]
  2497 | D:3      | Gained mutation: You are partially covered in yellow
                  | scales. (AC +2) [potion of mutation]
  2497 | D:3      | Gained mutation: Your spells are a little easier to cast,
                  | but a little less powerful. [potion of mutation]
  2497 | D:3      | Gained mutation: You possess an exceptional clarity of
                  | mind. [potion of mutation]
  2517 | D:3      | Reached skill level 4 in Long Blades
  2630 | D:3      | Noticed Natasha
  2636 | D:3      | Killed Natasha
  2838 | D:3      | Noticed Natasha
  2844 | D:3      | Killed Natasha
  2895 | D:3      | Found a shimmering blue altar of Sif Muna.
  2937 | D:3      | Noticed Natasha
  2944 | D:3      | Killed Natasha
  3257 | D:4      | Reached XP level 7. HP: 34/48 MP: 7/7
  3362 | D:4      | Reached skill level 1 in Evocations
  3374 | D:4      | Found a sacrificial altar of Ru.
  3703 | D:4      | Reached skill level 5 in Long Blades
  3793 | D:5      | Entered Level 5 of the Dungeon
  4184 | D:5      | Noticed Sigmund
  4195 | D:5      | Killed Sigmund
  4196 | D:5      | Reached skill level 6 in Long Blades
  4196 | D:5      | Reached XP level 8. HP: 30/54 MP: 8/8
  4341 | D:5      | Reached skill level 7 in Long Blades
  4631 | D:5      | Reached skill level 8 in Long Blades
  4896 | D:5      | Found a glowing silver altar of Zin.
  4946 | D:5      | Found an opulent altar of Gozag.
  4954 | D:5      | Became a worshipper of Gozag Ym Sagoz the Greedy
  5066 | D:5      | Found a stormy altar of Qazlal.
  5588 | D:6      | Found a runed translucent gate.
  5588 | D:6      | Found a runed translucent gate.
  5588 | D:6      | Found a runed translucent gate.
  5593 | D:6      | Noticed vvl's ghost (novice HuIE)
  5716 | D:6      | Reached XP level 9. HP: 50/59 MP: 9/9
  6172 | D:6      | Found an iron altar of Okawaru.
  6356 | D:6      | Reached skill level 5 in Dodging
  6356 | D:6      | Reached skill level 5 in Stealth
  6356 | D:6      | Reached skill level 5 in Shields
  7344 | D:7      | Reached skill level 9 in Long Blades
  7358 | D:7      | Reached skill level 5 in Fighting
  7673 | D:7      | Found a staircase to the Ecumenical Temple.
  7957 | D:7      | Found an ancient bone altar of Kikubaaqudgha.
  8175 | D:7      | Found a runed translucent door.
  8176 | D:7      | Noticed Crazy Yiuf
  8184 | D:7      | Killed Crazy Yiuf
  8185 | D:7      | Reached XP level 10. HP: 66/66 MP: 10/10
  8287 | Temple   | Entered the Ecumenical Temple
  8679 | D:8      | Learned a level 3 spell: Mephitic Cloud
  8837 | D:8      | Learned a level 1 spell: Magic Dart
  9229 | D:8      | Found a basalt altar of Yredelemnul.
  9634 | D:9      | Reached skill level 1 in Poison Magic
  9952 | D:9      | Noticed a two-headed ogre
  9960 | D:9      | Killed a two-headed ogre
  9961 | D:9      | Reached skill level 1 in Spellcasting
  9961 | D:9      | Reached skill level 1 in Conjurations
  9961 | D:9      | Reached skill level 1 in Air Magic
  9990 | D:9      | Found a burning altar of Makhleb.
 10043 | D:9      | Found a glowing silver altar of Zin.
 10307 | D:9      | Found a snail-covered altar of Cheibriados.
 10502 | D:10     | Entered Level 10 of the Dungeon
 10531 | D:10     | Reached skill level 5 in Evocations
 10533 | D:10     | Reached XP level 11. HP: 14/72 MP: 14/14
 10538 | D:10     | Found a staircase to the Lair.
 10892 | D:10     | Reached skill level 10 in Long Blades
 11749 | D:10     | Found a staircase to the Orcish Mines.
 12222 | D:10     | Found a runed translucent gate.
 12222 | D:10     | Found a runed translucent gate.
 12222 | D:10     | Found a runed translucent gate.
 12225 | D:10     | Noticed growler's ghost (journeyman TeAE)
 12311 | D:7      | Bought the amulet "Kaohue Gogh" {Will+ Regen+ Int+4 Dex+4}
                  | for 891 gold pieces
 12619 | D:11     | Noticed a two-headed ogre
 12715 | D:11     | Killed a two-headed ogre
 13155 | D:11     | Reached XP level 12. HP: 77/77 MP: 18/18
 13191 | D:11     | Found a glowing golden altar of the Shining One.
 13400 | D:12     | Noticed a two-headed ogre
 13414 | D:12     | Killed a two-headed ogre
 13481 | D:12     | Noticed a two-headed ogre
 13493 | D:12     | Killed a two-headed ogre
 13612 | D:12     | Noticed a two-headed ogre
 13620 | D:12     | Killed a two-headed ogre
 13754 | D:12     | Noticed a two-headed ogre
 13759 | D:12     | Killed a two-headed ogre
 13760 | D:12     | Reached skill level 5 in Spellcasting
 14076 | D:7      | Bought the ring "Cyott" {rElec rPois MP+9 Str+3} for 888
                  | gold pieces
 14137 | D:6      | Killed vvl's ghost
 14138 | D:6      | Reached skill level 11 in Long Blades
 14232 | Lair:1   | Entered Level 1 of the Lair of Beasts
 14233 | Lair:1   | Identified a scroll of acquirement
 14233 | Lair:1   | Acquired 906 gold pieces
 14338 | Lair:1   | Reached skill level 5 in Poison Magic
 14392 | Lair:1   | Noticed an eight-headed hydra
 14405 | Lair:1   | Noticed Fannar
 14417 | Lair:1   | Killed an eight-headed hydra
 14419 | Lair:1   | Killed Fannar
 14479 | Lair:1   | Reached XP level 13. HP: 85/85 MP: 21/21
 14513 | Lair:1   | Found a dark tunnel.
 14521 | Volcano  | Entered a volcano
 14592 | Volcano  | HP: 1/86 [salamander/+0 trident (5)]
 15485 | D:7      | Bought the ring of the Thistle {Will+ MP+9} for 489 gold
                  | pieces
 15485 | D:7      | Bought the ring of the Cast Vote {Wiz rC+} for 660 gold
                  | pieces
 15485 | D:7      | Bought an uncursed ring of see invisible for 225 gold
                  | pieces
 15588 | Lair:2   | Reached skill level 5 in Conjurations
 15641 | Lair:2   | Noticed Prince Ribbit
 15647 | Lair:2   | Killed Prince Ribbit
 15651 | Lair:2   | Reached skill level 5 in Air Magic
 15872 | Lair:2   | Noticed Harold
 15883 | Lair:2   | Killed Harold
 15884 | Lair:2   | Reached skill level 10 in Shields
 16065 | Lair:2   | Reached skill level 10 in Dodging
 16570 | Lair:3   | Reached skill level 10 in Stealth
 16824 | Lair:3   | Reached skill level 12 in Long Blades
 16824 | Lair:3   | Reached XP level 14. HP: 92/92 MP: 23/23
 17655 | Lair:4   | Found a staircase to the Snake Pit.
 17891 | Lair:4   | Found a staircase to the Swamp.
 18763 | D:10     | Bought the ring of Okawaru's Supremacy {AC+4 Int+3} for 640
                  | gold pieces
 18941 | Lair:2   | Got a clouded jade ring
 18943 | Lair:2   | Identified the ring of Voiniuwu {MP+9 Stlth+} (You found it
                  | on level 2 of the Lair of Beasts)
 20517 | D:13     | Learned a level 4 spell: Summon Lightning Spire
 20528 | D:13     | Found a roughly hewn altar of Beogh.
 20531 | D:13     | Noticed Kirke
 20550 | D:13     | Killed Kirke
 20551 | D:13     | Reached XP level 15. HP: 100/100 MP: 25/25
 20856 | D:13     | Reached skill level 13 in Long Blades
 21120 | D:13     | Found a gate to the Vaults.
 21512 | D:14     | Found a frozen archway.
 21607 | IceCv    | Entered an ice cave
 22687 | D:14     | Reached XP level 16. HP: 108/108 MP: 28/28
 22731 | D:14     | Reached skill level 14 in Long Blades
 22760 | D:14     | Found a blossoming altar of Fedhas.
 22883 | D:10     | Bought a glittering lead amulet for 125 gold pieces
 22883 | D:10     | Bought a twisted ivory ring for 125 gold pieces
 22895 | D:10     | Identified the amulet of Uqajuidgh {RegenMP rF+ MP+9 Int-3}
                  | (You bought it in a shop on level 10 of the Dungeon)
 23023 | D:15     | Entered Level 15 of the Dungeon
 23249 | D:15     | Found a staircase to the Depths.
 23686 | D:15     | Reached skill level 10 in Fighting
 23716 | D:15     | Reached XP level 17. HP: 114/115 MP: 30/30
 23725 | D:15     | Reached skill level 10 in Spellcasting
 23779 | D:15     | Found Qafin's Jewellery Shoppe.
 23787 | D:15     | Bought the ring of Jadite {rPois rF+ rC++ Str+6 Dex+2} for
                  | 1180 gold pieces
 24137 | Lair:6   | Entered Level 6 of the Lair of Beasts
 24198 | Lair:6   | Reached skill level 15 in Long Blades
 24539 | Lair:6   | Found a staircase to the Slime Pits.
 24973 | Lair:6   | Found a burning altar of Makhleb.
 25052 | Lair:6   | Found a gateway to Hell.
 25413 | D:10     | Killed growler's ghost
 25536 | Orc:1    | Entered Level 1 of the Orcish Mines
 26018 | Orc:2    | Entered Level 2 of the Orcish Mines
 26419 | Orc:2    | Found Qihutot's Antique Armour Emporium.
 26420 | Orc:2    | Found Galihist's Antique Weapon Emporium.
 26422 | Orc:2    | Found Lielegg's General Store.
 26422 | Orc:2    | Found Totoythra's Book Shoppe.
 26801 | Orc:2    | Found a roughly hewn altar of Beogh.
 26927 | Orc:2    | Found a staircase to the Elven Halls.
 27167 | D:10     | Bought a book of the Tempests for 1190 gold pieces
 27173 | D:10     | Learned a level 5 spell: Lightning Bolt
 27282 | Orc:2    | Bought 2 potions of curing for 72 gold pieces
 27483 | Swamp:1  | Entered Level 1 of the Swamp
 28410 | Swamp:2  | Reached XP level 18. HP: 84/122 MP: 33/33
 29339 | Swamp:3  | Found a blossoming altar of Fedhas.
 30654 | Snake:1  | Entered Level 1 of the Snake Pit
 30785 | Snake:1  | Shot with a bolt by a naga sharpshooter

Illustrated notes

Levels and vault maps discovered:
D:1:      dpeg_arrival_rhombi, layout_basic
D:2:      layout_loops_cross, tgw_trog, uniq_terence
D:3:      minmay_angry_zag, layout_basic, nicolae_overflow_crystal_walls,
          serial_undead, serial_undead_e, serial_undead_c, serial_undead_e,
          serial_undead_d, serial_undead_a, uniq_natasha
D:4:      layout_loops_ring, lemuel_doored_altar
D:5:      layout_basic, kennysheep_mini, zin_scriptorium,
          overflow_temple_1_default, uniq_sigmund
D:6:      layout_basic, okawaru_ov_weapons_minmay, gammafunk_ghost_necromancy
D:7:      layout_loops_ring, marbit_many_paths, minmay_temple_entry_offerings,
          serial_bayou_pond_d, eino_jars, uniq_crazy_yiuf_cottage
D:8:      layout_loops_ring, lemuel_zombie_altar_yredelemnul
D:9:      layout_roguey, lemuel_round_altar, makhleb_blood_cavern_becter,
          basic_altar, serial_park_tiny_1, st_stairs_6
D:10:     layout_rooms, david_lair_generic, orc_0_dummy,
          ebering_ghost_rock_garden
D:11:     layout_rooms, basic_altar
D:12:     layout_small_grid, minmay_increasing_density
D:13:     layout_roguey [special_room_orc], skrybe_vaults_entry_preservation,
          uniq_kirke
D:14:     layout_roguey, fedhas_altar_3, portal_ice_cave_entry_imps
D:15:     grunt_enter_depths_giant_problem, layout_small_grid,
          serial_bayou_pond_c, serial_shops, shop
Temple:   jpeg_temple_clearing
Lair:1:   layout_chaotic_city, enter_volcano_1, minmay_lair_oklob_items,
          minmay_shattered_shrine, infiniplex_staircase_pool_2, uniq_fannar
Lair:2:   layout_hall_layers, special_room, chequers_serial_rivers_micro_c,
          grunt_megastairs_2, minmay_lair_oklob_chamber, uniq_harold,
          uniq_prince_ribbit2
Lair:3:   layout_gridlike, st_stairs_9, wad_woods_06, serial_bayou_lake_a,
          grunt_megastairs_4
Lair:4:   layout_misc_corridors, minmay_swamp_entry_swarm,
          guppyfry_snake_entry_island, special_room [special_room_mythical_zoo],
          lemuel_fruit_tree
Lair:5:   layout_cave_shapes, grunt_megastairs_1, serial_bayou_shore_a
Lair:6:   evil_forest, layout_regular_city, nicolae_slime_entry_slimehenge
Swamp:1:  layout_basic_swamp, evilmike_swamp_ruin_house_3
Swamp:2:  layout_basic_swamp, evilmike_swamp_ruin_house_2, swamp_pool1
Swamp:3:  layout_basic_swamp, basic_altar, swamp_pool1, st_swamp_ruins_2
Snake:1:  layout_gridlike, serial_bayou_lagoon_a
Orc:1:    layout_diamond_mine
Orc:2:    st_orc_congregation, layout_caves, minmay_orc_temple_b

Skill      XL: |  1  2  3  4  5  6  7  8  9 10 11 12 13 14 15 16 17 18 |
---------------+-------------------------------------------------------+-----
Stealth        | 1 2 3 4 5 7 9 10 | 10.0
Long Blades    | 3 4 6 8 9 10 11 12 13 14 15 | 15.6
Fighting       | 4 5 6 7 8 9 10 11 | 11.0
Shields        | 4 6 7 8 9 10 11 12 | 12.7
Dodging        | 4 6 7 8 9 10 11 12 | 12.7
Evocations     | 2 4 5 6 7 8 9 |  9.6
Poison Magic   | 2 3 5 6 7 8 |  8.5
Spellcasting   | 2 4 5 6 7 8 9 11 | 11.6
Conjurations   | 2 3 4 5 6 7 |  7.7
Air Magic      | 1 3 4 5 6 7 |  7.8
Summonings     | 2 3 |  3.0

Action                   |  1- 3 |  4- 6 |  7- 9 | 10-12 | 13-15 | 16-18 || total
-------------------------+-------+-------+-------+-------+-------+-------++-------
Melee: Long sword        |    47 |   105 |   235 |    67 |       |   106 ||   560
       Tentacles         |     6 |    21 |    81 |   156 |   400 |   448 ||  1112
       Constrict         |    11 |    31 |    59 |    87 |   165 |   193 ||   546
       Kick              |       |    17 |   116 |   234 |   617 |   719 ||  1703
       Scimitar          |       |       |       |   359 |   803 |   833 ||  1995
       Short sword       |       |       |       |     9 |    17 |     6 ||    32
Throw: Dart              |       |     1 |    15 |     2 |       |       ||    18
 Cast: Magic Dart        |       |       |       |    53 |    65 |    80 ||   198
       Mephitic Cloud    |       |       |       |    11 |    21 |    21 ||    53
       Summon Lightning  |       |       |       |       |     4 |     4 ||     8
       Lightning Bolt    |       |       |       |       |       |    10 ||    10
Invok: Call Merchant     |       |       |       |     1 |     2 |     2 ||     5
Evoke: Wand              |       |       |     1 |     7 |    15 |    10 ||    33
       Box of beasts     |       |       |       |       |     2 |       ||     2
  Use: Scroll            |     2 |     5 |     6 |    14 |    15 |    11 ||    53
       Potion            |     1 |     1 |       |     3 |     3 |     3 ||    11
 Stab: Sleeping          |     5 |    16 |    22 |    25 |    30 |    15 ||   113
       Distracted        |       |       |     1 |     2 |    13 |    16 ||    32
       Confused          |       |       |       |    12 |    11 |    33 ||    56
       Paralysed         |       |       |       |       |     1 |       ||     1
Armor: Skin              |     1 |     5 |    12 |    26 |    89 |    78 ||   211
Dodge: Dodged            |    21 |    49 |    77 |   189 |   328 |   494 ||  1158
Block: Kite shield       |    16 |    41 |    88 |   177 |   327 |   464 ||  1113
       Rpst.: Long sword |     6 |    17 |    28 |     7 |       |    10 ||    68
       Scimitar          |       |       |       |    41 |    76 |    81 ||   198
